 Dungeon Crawl Stone Soup version 0.30.1-11-g7821555f0a (webtiles) character file.

Game seed: 10298890841326990423

278 comborobin the Sneak (level 6, 0/46 (47) HPs)
             Began as a Formicid Delver on Dec 18, 2023.
             Slain by Crazy Yiuf
             ... wielding a +3 quarterstaff of chaos
              (10 damage)
             ... on level 2 of the Dungeon.
             The game lasted 00:02:52 (2709 turns).

comborobin the Sneak (Formicid Delver)              Turns: 2709, Time: 00:02:53

HP:   0/46 (47)     AC:  3    Str: 25    XL:     6   Next: 51%
MP:   4/6           EV: 11    Int:  4    God:
Gold: 116           SH:  4    Dex: 15    Spells: 5/5 levels left

rFire   + + .        i - +4 quarterstaff of Qazlal, Enchanting {venom, +Blink rPois Str+6 Int-5}
rCold   + . .        s - +0 buckler
rNeg    . . .        b - +0 leather armour
rPois   +            (helmet unavailable)
rElec   +            (no cloak)
rCorr   +            (no gloves)
SInv    +            (no boots)
Will    .....        (no amulet)
Stlth   +++          q - ring of protection from fire
HPRegen 0.27/turn    (no ring)
MPRegen 0.10/turn

%: no passive effects
@: lethally poisoned (0 -> -9), resistant, lightly drained
A: permanent stasis, dig shafts and tunnels, antennae 3, four strong arms
a: Dig, Shaft Self


You were on level 2 of the Dungeon.
You visited 2 branches of the dungeon, and saw 7 of its levels.

You collected 116 gold pieces.

Inventory:

Hand Weapons
 a - a +0 mace
 i - the +4 quarterstaff of Qazlal, Enchanting (weapon) {venom, +Blink rPois Str+6 Int-5}
   (You found it on level 2 of the Dungeon)

   Str:       It affects your strength (+6).
   Int:       It affects your intelligence (-5).
   rPois:     It protects you from poison.
   +Blink:    It lets you blink.
Armour
 b - a +0 leather armour (worn)
 s - a +0 buckler (worn)
Jewellery
 q - a ring of protection from fire (left hand)
Wands
 f - a wand of digging (3)
 o - a wand of iceblast (5)
Scrolls
 c - 2 scrolls of fog
 d - a scroll of magic mapping
 e - a scroll of fear
 g - 3 scrolls of blinking {unknown}
 l - a scroll of poison {unknown}
 r - a scroll of immolation {unknown}
Potions
 h - a potion of degeneration
 j - a potion of brilliance
 k - a potion of resistance
 m - a potion of heal wounds {unknown}
 n - 2 potions of mutation {unknown}
 p - 3 potions of flight {unknown}
 t - a potion of curing {unknown}


   Skills:
 - Level 3.2 Fighting
 - Level 3.0(4.6) Maces & Flails
 - Level 5.4(5.8) Staves
 - Level 1.7 Dodging
 - Level 6.0 Stealth
 + Level 0.6 Shields


You had 5 spell levels left.
You didn't know any spells.
Your spell library was empty.

Dungeon Overview and Level Annotations

Branches:
Dungeon (6/15)             Temple (1/1) D:4

Altars:
Ashenzari
Dithmenos
Gozag
Hepliaklqana
Kikubaaqudgha
Makhleb
Nemelex Xobeh
Qazlal
Ru
Sif Muna
Trog
Uskayaw
Vehumet
Wu Jian
Yredelemnul

Annotations:
D:2 Crazy Yiuf


Innate Abilities, Weirdness & Mutations

You cannot be hasted, slowed, berserked, paralysed or teleported.
You can dig through walls and to a lower floor.
You have a pair of large antennae on your head. (SInv)
Your four strong arms can wield two-handed weapons with a shield.


Message History

No target in view!
No target in view!
No target in view!
No target in view!
No target in view!
t - an inky potion
There is a stone staircase leading down here.
You see here a +0 club.
You see here a +0 hand axe.
No reachable target in view!
Could not explore, unopened runed door.
No reachable target in view!
Could not explore, unopened runed door.
No reachable target in view!
Could not explore, unopened runed door.
Could not explore, unopened runed door.
You open the door.
There is an open translucent door here.
Crazy Yiuf shouts!
You hit Crazy Yiuf.
Crazy Yiuf is poisoned.
Crazy Yiuf is lightly wounded.
Crazy Yiuf hits you with a +3 quarterstaff of chaos.
You feel your power leaking away.
You hit Crazy Yiuf.
Crazy Yiuf looks as sick as possible!
Crazy Yiuf is moderately wounded.
Crazy Yiuf hits you with a +3 quarterstaff of chaos!
You are poisoned.
You sock Crazy Yiuf!
Crazy Yiuf looks as sick as possible!
Crazy Yiuf is severely wounded.
You feel very sick.
Crazy Yiuf hits you with a +3 quarterstaff of chaos!
* * * LOW HITPOINT WARNING * * *
You feel drained.
* * * LOW HITPOINT WARNING * * *
It was a potion of resistance.
You feel protected.
* * * LOW HITPOINT WARNING * * *
You feel very sick.
Crazy Yiuf hits you with a +3 quarterstaff of chaos!
You die...

#....†# #.####
###.### #.#### #.#
#..... ### ##.#..#
#....##
♣♣♣♣♣###.#..#
#####♣♣♣.♣....#.##..
#...#♣..♣.......###.
#.g@'.♣♣♣♣......# #.
#)..#♣♣ ♣♣.....# #.
##### ♣♣###.# #.
##.###. #......
#######..###.
#.##.#######. #.##.#
#.. #.##.# #..


You could see Crazy Yiuf (extremely poisoned).

Vanquished Creatures
  A phantom (D:4)
  An orc priest (D:4)
  A hound (D:4)
  A sleepcap (D:4)
  6 adders
  A worm (D:3)
  2 dart slugs (D:3)
  4 orcs (D:4)
  3 bats
  5 endoplasms
  3 giant cockroaches
  3 goblins
  6 hobgoblins
  2 jackals (D:2)
  2 kobolds
  2 quokkas
  7 ball pythons
  3 frilled lizards
  6 rats
59 creatures vanquished.

Notes
Turn   | Place    | Note
-------+----------+-------------------------------------------
     0 | D:5      | comborobin the Formicid Delver began the quest for the Orb.
     0 | D:5      | Reached XP level 1. HP: 18/18 MP: 1/1
    16 | D:6      | Noticed a quasit
    16 | D:6      | Noticed a wyvern
    26 | D:5      | Noticed an orc priest
    26 | D:5      | Noticed a scorpion
    37 | D:5      | Noticed an ice beast
   160 | D:3      | Reached XP level 2. HP: 7/24 MP: 2/2
   301 | D:2      | Identified the +4 quarterstaff of Qazlal, Enchanting
                  | {venom, +Blink rPois Str+6 Int-5}
   390 | D:1      | Reached XP level 3. HP: 16/29 MP: 3/3
   477 | D:1      | Reached skill level 1 in Staves
   824 | D:3      | Reached XP level 4. HP: 35/35 MP: 4/4
   849 | D:3      | Found an opulent altar of Gozag.
  1241 | D:4      | Reached XP level 5. HP: 41/41 MP: 5/5
  1245 | D:4      | Noticed a phantom
  1271 | D:4      | Killed a phantom
  1272 | D:4      | Reached skill level 5 in Staves
  1272 | D:4      | Reached XP level 6. HP: 19/47 MP: 6/6
  1427 | D:4      | Found a staircase to the Ecumenical Temple.
  1473 | Temple   | Entered the Ecumenical Temple
  2087 | D:2      | Found a runed translucent door.
  2088 | D:2      | Noticed Crazy Yiuf
  2709 | D:2      | Slain by Crazy Yiuf

Illustrated notes

Levels and vault maps discovered:
D:1:      heliophobic_arrival_battle_scene, layout_basic, minmay_misc_feat_tiny
D:2:      layout_loops_ring, uniq_crazy_yiuf_cottage
D:3:      layout_basic, grunt_gozag_breadcrumbs, serial_shops,
          nicolae_diamond_shop
D:4:      layout_layer_cave, fedhas_altar_1, temple_doors_e,
          minmay_joined_circles
D:5:      layout_rooms, mainiacjoe_overflow_swirl, kennysheep_generic_room_5,
          uniq_sigmund, uniq_edmund
D:6:      layout_rooms, serial_demonic, serial_demonic_d, serial_demonic_d,
          serial_demonic_b, serial_demonic_f, serial_demonic_d,
          serial_demonic_a, serial_demonic_d, serial_bayou_pond_c,
          uniq_eustachio
Temple:   dpeg_chambers_temple

Skill      XL: |  1  2  3  4  5 |
---------------+----------------+-----
Maces & Flails | 3 |  3.0
Staves         | 2 3 5 |  5.4
Fighting       | |  3.2
Dodging        | |  1.7
Stealth        | |  6.0
Shields        | |  0.6

Action                     |  1- 3 |  4- 6 || total
---------------------------+-------+-------++-------
  Melee: Mace              |    14 |       ||    14
         Quarterstaff      |    51 |    52 ||   103
         Punch             |     1 |     1 ||     2
Ability: Dig               |       |     1 ||     1
  Evoke: Wand              |       |     4 ||     4
    Use: Potion            |       |     3 ||     3
   Stab: Sleeping          |     5 |    13 ||    18
         Distracted        |     1 |       ||     1
 Armour: Leather armour    |    18 |     7 ||    25
  Dodge: Dodged            |    26 |    24 ||    50
